 Dungeon Crawl Stone Soup version 0.27-a0-978-g2aa4ecdaef (webtiles) character file.

Game seed: 18079613669004115084

58 stormannn the Ducker (level 4, -1/35 HPs)
             Began as a Djinni Monk on Apr 14, 2021.
             Slain by an orc wizard
             ... wielding a +0 dagger
              (4 damage)
             ... on level 2 of the Dungeon.
             The game lasted 00:04:10 (2391 turns).

stormannn the Ducker (Djinni Monk)                  Turns: 2391, Time: 00:04:11

Health: -1/35      AC:  6    Str: 11    XL:     4   Next: 1%
Gold:   37         EV: 13    Int: 11    God:
                   SH:  0    Dex: 16

rFire    + + .     SeeInvis .   a - +0 spear
rCold    x . .     Faith    .   (no shield)
rNeg     . . .     Spirit   .   b - +0 robe
rPois    ∞         Reflect  .   (no helmet)
rElec    .         Harm     .   (no cloak)
rCorr    .         Rampage  .   (no gloves)
Will     .....                  (boots unavailable)
Stlth    ++........             (no amulet)
HPRegen  0.11/turn              e - +4 ring of protection
MPRegen  0.00/turn              (no ring)

@: attractive, flying, very slightly contaminated, invisible
A: fire resistance 2, cold vulnerability 1, float, innate caster, hp casting,
extra vitality 1
a: no special abilities


You were on level 2 of the Dungeon.
You visited 1 branch of the dungeon, and saw 2 of its levels.

You collected 37 gold pieces.

Inventory:

Hand Weapons
 a - a +0 spear (weapon)
Armour
 b - a +0 robe (worn)
Jewellery
 e - a +4 ring of protection (left hand)
Scrolls
 c - 2 scrolls of identify {unknown}


   Skills:
 + Level 3.3 Fighting
 * Level 3.0 Polearms
 + Level 3.6 Dodging
 - Level 1.5 Stealth
 * Level 1.4 Spellcasting


You had 4 spell levels left.
You knew the following spells:

 Your Spells              Type           Power      Damage    Failure   Level
a - Magic Dart            Conj           12%        1d3       17%         1
Your spell library was empty.

Dungeon Overview and Level Annotations

Branches:
Dungeon (2/15)

Altars:


Innate Abilities, Weirdness & Mutations

You are immune to poison.
Your flesh is very heat resistant. (rF++)
You are vulnerable to cold. (rC-)
You float through the air rather than walking.
You learn spells naturally, not from books.
Your magical power is your life essence.
You have superior vitality. (+4 HP)


Message History

You bump into the rock wall.
You hear some strange, mumbled words.
A puff of flame appears from out of thin air!
The puff of flame hits you. You resist.
You hear some strange, mumbled words.
A magic dart appears from out of thin air!
The magic dart hits you.
You closely miss something. Something hits you.
A magic dart appears from out of thin air!
The magic dart hits you.
You feel less confused. Something hits you.
* * * LOW HITPOINT WARNING * * *
You closely miss something. Something hits you.
* * * LOW HITPOINT WARNING * * *
You miss something. Something hits you.
* * * LOW HITPOINT WARNING * * *
It was a potion of invisibility.
You fade into invisibility!
You hear some strange, mumbled words.
A puff of flame appears from out of thin air!
The puff of flame misses you.
You are very lightly contaminated with residual magic.
It was a potion of attraction.
You feel attractive to monsters. Something hits you.
* * * LOW HITPOINT WARNING * * *
You closely miss something. You barely miss something.
Something hits you but does no damage.
You closely miss something. Something hits you but does no damage.
You barely miss something. Something hits you.
* * * LOW HITPOINT WARNING * * *
You hit something but do no damage. Something barely misses you.
You hit something.
You hear some strange, mumbled words.
Something tries to affect you, but you resist.
You closely miss something.
You hear some strange, mumbled words.
You miss something. Something hits you.
You die...

.....)##.########
#..........# ...........#
######### .#.........#
##...#...##
.#.........####.........##
............##...........#
..[..............>.......#
..........)#.............#
#..........#....@.......##
.....#######...#.{.#..<##
...#. ............[####
[.. ............## ..(
#..≈≈........# ...
#.≈..≈.......# ...
≈≈≈..≈..≈≈..$≈# ...
≈≈..≈..≈..≈..≈≈# ...
...≈.⌠≈..≈..≈≈#


There were no monsters in sight!

Vanquished Creatures
  An adder (D:2)
  2 orcs (D:2)
  3 ball pythons
  4 bats (D:1)
  3 endoplasms
  A giant cockroach (D:1)
  2 goblins (D:1)
  2 hobgoblins (D:1)
  11 jackals
  A quokka (D:1)
  3 frilled lizards
  4 kobolds (D:1)
  2 rats (D:1)
39 creatures vanquished.

Notes
Turn   | Place    | Note
-------+----------+-------------------------------------------
     0 | D:1      | stormannn the Djinni Monk began the quest for the Orb.
     0 | D:1      | Reached XP level 1. HP: 20/20 MP: 0/0
   195 | D:1      | Reached XP level 2. HP: 14/25 MP: 0/0
   719 | D:1      | Found a faded altar of an unknown god.
   789 | D:1      | Reached skill level 1 in Spellcasting
   906 | D:1      | Reached XP level 3. HP: 29/30 MP: 0/0
   906 | D:1      | Learned a level 1 spell: Magic Dart
  2336 | D:2      | Reached XP level 4. HP: 35/35 MP: 0/0
  2391 | D:2      | Slain by an orc wizard

Illustrated notes

Levels and vault maps discovered:
D:1:      minmay_arrival_up_and_down, layout_basic, basic_ecumenical_altar
D:2:      cheibrodos_helix_gallery, layout_rooms, serial_shops, shop,
          kennysheep_generic_room_4

Skill      XL: |  1  2  3 |
---------------+----------+-----
Spellcasting   | 1 |  1.4
Polearms       | 3 |  3.0
Fighting       | |  3.3
Dodging        | |  3.6
Stealth        | |  1.5

Action                   |  1- 3 |  4- 6 || total
-------------------------+-------+-------++-------
Melee: Spear             |   170 |    29 ||   199
 Cast: Magic Dart        |     8 |     1 ||     9
  Use: Potion            |       |     2 ||     2
 Stab: Sleeping          |     3 |       ||     3
Armor: Robe              |    32 |     9 ||    41
Dodge: Dodged            |   108 |     7 ||   115

Table legend: (Time is in decaauts)
 A = Elapsed time spent in this place.
 B = Non-inter-level travel time spent in this place.
 C = Inter-level travel time spent in this place.
 D = Time resting spent in this place.
 E = Time spent auto-exploring this place.
 F = Levels seen in this place.
 G = Mean time per level.
                   A        B        C        D        E       F      G
               +--------+--------+--------+--------+--------+-----+--------+
         Total |   2384 |   2380 |      4 |   1087 |    812 |   2 | 1192.0 |
       Dungeon |   2384 |   2380 |      4 |   1087 |    812 |   2 | 1192.0 |
               +--------+--------+--------+--------+--------+-----+--------+

Top non-repeatable levels by time:
     D:1: 2186 daAuts
     D:2: 198 daAuts
